cohdb
Replays
Latest Replays
All Replays
Popular Replays
Top Player Replays
Match Explorer
How It Works
Community
CoH3 Stats
Reddit
Sign in to upload your games and track your stats! →
Sign in with Steam
Match 45823366
Unlisted
Match 45823366
Overview
Messages
Build Orders
End
Selects Special Operations Battlegroup
Selects M29 Weasel Recon Vehicle
M29 Weasel Recon Vehicle
Construct Barracks
Riflemen Squad
Riflemen Squad
Grenade Package
Infantry Support Center
Riflemen Squad
M1918 Browning Automatic Rifles
Construct Motor Pool
M1 Anti-tank Gun Team
M24 Chaffee Light Tank
Selects Raiding Flares
Raiding Flares
lehaha03
Liberator4515
0
0
Comments
sign in to comment!
No comments posted yet!